Map: Backwater LE

Players

Maru - Winner!

  • Race: Terran Terran
  • Spawn Location: 11:00

Serral

  • Race: Zerg Zerg
  • Spawn Location: 5:00

Event: WESG 2017 Haikou

VOD

Have the link to the VOD?

Description

Time

  • Played on: March 17, 2018, 3:54 a.m.
  • Length: 26:57

All games in this series

Show
View Real Time Build Order
Export as new Build Order

Maru Terran - Winner!

Build Orders: Reaper Expand, Hellion Banshee, Mech 

Get SALT Encoding   

  12  0:00  SCV  
  13  0:13  SCV  
  14  0:17  Supply Depot  
  14  0:25  SCV  
  15  0:38  SCV  
  15  0:41  Barracks  
  16  0:43  Refinery  
  16  0:51  SCV  
  17  1:03  SCV  
  18  1:15  SCV  
  19  1:28  Orbital Command, Reaper  
  20  1:40  Command Center  
  20  1:52  Supply Depot  
  20  1:54  SCV  
  21  2:00  Marine  
  22  2:03  Factory  
  22  2:09  SCV  
  22  2:13  Refinery  
  23  2:21  SCV, Barracks Reactor  
  24  2:33  SCV  
  25  2:45  SCV  
  26  2:53  Starport  
  26  2:55  Orbital Command  
  26  2:57  SCV  
  27  3:01  Hellion x2  
  27  3:02  Barracks Tech Lab  
  31  3:09  SCV  
  32  3:22  Hellion  
  32  3:23  SCV x2, Hellion, Supply Depot  
  38  3:29  Barracks Tech Lab  
  38  3:30  Viking  
  40  3:35  SCV x2  
  42  3:45  Supply Depot  
  42  3:47  SCV x2, Hellion  
  46  3:49  Hellion  
  48  3:59  SCV  
  49  4:05  SCV  
  50  4:10  Banshee, Cloaking Field  
  50  4:11  SCV  
  50  4:13  Hellion  
  56  4:17  SCV  
  56  4:18  Hellion  
  56  4:23  SCV  
  58  4:29  SCV  
  57  4:35  SCV  
  55  4:40  Supply Depot  
  55  4:41  SCV  
  54  4:47  Command Center  
  54  4:48  SCV  
  55  4:53  SCV, Banshee  
  55  4:57  Refinery x2  
  59  5:00  SCV  
  59  5:03  Siege Tank, Marine x2, Supply Depot  
  59  5:05  SCV  
  66  5:11  Supply Depot  
  66  5:12  SCV  
  67  5:21  Factory  
  67  5:22  SCV  
  67  5:23  Factory  
  67  5:24  SCV  
  67  5:26  Marine x2  
  71  5:35  Command Center  
  71  5:36  Siege Tank  
  71  5:41  Medivac  
  76  5:46  SCV  
  76  5:47  SCV  
  78  5:55  Refinery  
  78  5:58  SCV  
  78  6:00  Refinery, Orbital Command  
  78  6:01  SCV  
  78  6:03  Barracks Tech Lab  
  80  6:04  Armory  
  80  6:05  Armory  
  80  6:14  SCV x2  
  80  6:17  Siege Tank  
  85  6:26  SCV  
  85  6:28  SCV x2  
  85  6:31  Supply Depot  
  85  6:32  Supply Depot  
  88  6:37  Hellion x2  
  88  6:39  SCV, Supply Depot  
  96  6:40  SCV  
  96  6:43  Banshee  
  97  6:55  Thor  
  97  6:56  Thor  
  97  7:00  SCV  
  110  7:02  Supply Depot  
  110  7:05  SCV x2  
  112  7:13  SCV  
  113  7:19  Terran Vehicle Weapons Level 1, Terran Vehicle And Ship Armor Level 1  
  113  7:20  Starport  
  113  7:21  Starport  
  113  7:28  Banshee  
  116  7:33  SCV x3  
  119  7:37  Orbital Command  
  119  7:38  Engineering Bay  
  119  7:45  SCV  
  119  7:46  Refinery  
  119  7:50  Refinery, Siege Tank x2  
  126  7:52  SCV x2  
  126  7:57  SCV  
  129  8:00  Starport Tech Lab, Starport Reactor  
  129  8:09  Hyperflight Rotors  
  123  8:14  Hellion x2  
  123  8:15  Banshee  
  130  8:20  SCV  
  130  8:22  Siege Tank  
  134  8:27  Banshee  
  134  8:28  Command Center  
  134  8:29  Starport  
  139  8:34  Hellion  
  139  8:35  Hellion  
  139  8:36  Hellion  
  140  8:51  Viking  
  140  8:52  Viking  
  140  8:54  Hellion  
  146  8:59  Starport  
  146  9:02  Barracks x3  
  146  9:04  Ghost Academy, Barracks  
  146  9:13  Terran Ship Weapons Level 1  
  146  9:21  Hellion  
  148  9:27  Supply Depot, Starport Reactor  
  148  9:28  Supply Depot  
  148  9:29  Supply Depot  
  148  9:30  Supply Depot  
  147  9:31  Supply Depot  
  147  9:32  Hellion  
  147  9:36  Barracks Tech Lab  
  147  9:38  Starport Reactor  
  148  9:40  Hellion x2  
  148  9:42  Raven x2  
  148  9:45  SCV x4  
  160  9:52  Barracks Tech Lab x4  
  160  9:55  Terran Vehicle And Ship Armor Level 2  
  160  10:02  Engineering Bay  
  160  10:13  Personal Cloaking  
  157  10:15  Viking x2  
  157  10:16  Viking x4  
  157  10:17  Corvid Reactor  
  169  10:24  Planetary Fortress  
  169  10:30  Ghost  
  169  10:31  Ghost  
  173  10:37  Ghost  
  173  10:39  Ghost  
  174  10:45  Command Center  
  174  10:47  Refinery, Terran Infantry Armor Level 1  
  174  10:51  Refinery  
  174  10:54  Sensor Tower  
  174  11:00  Ghost x2  
  174  11:01  Ghost  
  174  11:02  Viking  
  182  11:14  Ghost x2  
  182  11:15  Command Center  
  183  11:29  Ghost x2, Hellion  
  183  11:32  Terran Ship Weapons Level 2  
  189  11:37  Hellion x8, Command Center  
  189  11:38  Hellion x5, Command Center  
  187  11:41  Command Center  
  187  12:03  Raven x2  
  187  12:07  Terran Infantry Weapons Level 1, Missile Turret x2  
  187  12:08  Missile Turret x2  
  191  12:09  Starport  
  191  12:11  Starport  
  191  12:12  Ghost x2  
  191  12:13  Ghost, Sensor Tower, Missile Turret  
  191  12:15  Missile Turret  
  197  12:31  Command Center  
  197  12:33  Command Center  
  165  12:51  Raven x2  
  165  12:53  Sensor Tower  
  165  12:54  Orbital Command  
  165  12:57  Starport Tech Lab x2  
  165  12:58  Ghost x3, Terran Infantry Armor Level 2  
  171  13:00  Hellion  
  177  13:15  Ghost  
  177  13:18  Terran Vehicle And Ship Armor Level 3  
  179  13:20  SCV  
  179  13:21  SCV x3  
  179  13:26  SCV  
  176  13:29  Raven  
  176  13:33  SCV x4  
  182  13:39  Raven x3  
  179  13:57  Ghost Academy x2  
  179  13:59  Nuke, Ghost Academy  
  179  14:01  Terran Ship Weapons Level 3  
  179  14:04  Orbital Command x2  
  179  14:06  Refinery  
  179  14:08  Refinery  
  179  14:12  Banshee  
  182  14:20  Ghost Academy  
  182  14:21  Terran Infantry Weapons Level 2  
  182  14:22  Raven, Banshee  
  187  14:52  Nuke x4  
  184  15:00  Ghost x3  
  190  15:17  Command Center  
  190  15:20  Command Center  
  190  15:23  Nuke  
  188  15:41  Raven x4  
  196  15:45  Ghost x2  
  196  15:46  Refinery  
  196  15:49  Nuke  
  200  15:54  Terran Vehicle Weapons Level 2  
  200  15:57  Nuke  
  200  15:59  Fusion Core  
  200  16:05  Refinery  
  198  16:15  Ghost  
  198  16:16  Ghost  
  186  16:36  Ghost x2, Medivac x2  
  186  16:37  Ghost  
  196  16:40  Planetary Fortress  
  196  16:44  Ghost x2  
  200  16:59  Orbital Command  
  200  17:03  Weapon Refit  
  200  17:08  Nuke  
  200  17:26  Nuke  
  200  17:27  Terran Infantry Armor Level 3, Terran Infantry Weapons Level 3  
  198  17:41  Nuke x2  
  196  17:58  Raven x2  
  196  18:04  Nuke x2  
  194  18:28  Nuke x3  
  194  18:35  Ghost Academy  
  194  18:36  Ghost Academy x2  
  194  18:37  Ghost Academy  
  150  19:12  Ghost  
  150  19:15  Ghost x2  
  150  19:16  Battlecruiser  
  150  19:17  Battlecruiser x3  
  168  19:27  Nuke  
  168  19:28  Nuke x8, Ghost  
  168  19:29  Ghost  
  168  19:42  Ghost  
  168  19:44  Ghost x2  
  174  19:51  Terran Vehicle Weapons Level 3  
  174  19:59  Ghost  
  174  20:00  Ghost  
  178  20:20  Raven  
  178  20:21  Raven, Battlecruiser x2  
  194  20:36  Nuke x4  
  192  21:00  Ghost  
  192  21:03  Raven x2  
  198  21:25  Raven  
  198  21:46  Raven  
  192  21:52  Ghost x2  
  158  21:54  Ghost x2  
  158  21:59  Ghost  
  136  22:02  Raven  
  136  22:03  Raven, Viking x2  
  136  22:05  Hellion x3  
  136  22:15  Raven  
  138  22:16  Hellion  
  138  22:20  Ghost x2  
  144  22:23  Ghost x2  
  144  22:27  Ghost, Hellion x3  
  156  22:38  Hellion  
  158  22:45  Viking x4  
  158  22:48  Hellion x3  
  158  22:49  Ghost  
  174  22:53  Ghost  
  174  22:55  Command Center x2  
  176  22:59  Hellion  
  154  23:17  Ghost x2  
  138  23:21  Ghost x2  
  138  23:24  Viking  
  142  23:32  Hellion x2  
  142  23:33  Hellion x2  
  138  23:49  Barracks x2  
  138  23:50  Barracks  
  138  23:51  Barracks  
  138  23:53  Combat Shields, Barracks x2  
  138  23:54  Hellion x2, Concussive Shells, Stimpack  
  142  23:58  Barracks x2  
  142  23:59  Barracks x2  
  142  24:00  Barracks x2  
  134  24:05  Ghost  
  134  24:08  Orbital Command  
  124  24:30  Raven x2  
  124  24:31  Raven  
  130  24:43  Medivac x3  
  130  24:44  Marine x4  
  130  24:45  Marine x6  
  142  24:46  Marine x2  
  142  24:47  Marauder x2, Marine x2  
  154  24:54  Hellion x4  
  162  25:02  Marine x4  
  162  25:03  Marine x3  
  162  25:04  Marauder x3, Marine x3  
  162  25:05  Marine  
  179  25:09  Marauder x2  
  183  25:15  Marine, Hellion  
  183  25:20  Marine x3  
  189  25:25  Marauder x3  
  195  25:30  Marauder x2  
  195  25:34  Marine  
  188  26:06  Marine  
  188  26:07  Marauder x3, Marine x2  
  188  26:11  Marauder x2, Marine x2  
  175  26:13  Raven x2, Marine x4  
  181  26:21  Marine x2  
  181  26:25  Marine x2  
  183  26:28  Marauder  
  183  26:29  Marauder x2  
  183  26:31  Marine x3  
  196  26:33  Marauder x2  
  196  26:35  Marine x2  
Show
View Real Time Build Order
Export as new Build Order

Serral Zerg 

Build Orders: Hatch First 

Get SALT Encoding   

  12  0:01  Drone  
  13  0:13  Overlord  
  13  0:16  Drone  
  14  0:31  Drone x2  
  16  0:49  Hatchery  
  15  0:51  Drone  
  15  0:55  Drone  
  17  1:09  Spawning Pool  
  16  1:12  Extractor  
  16  1:14  Drone  
  16  1:17  Drone  
  17  1:21  Drone  
  18  1:29  Drone  
  19  1:39  Overlord  
  19  1:50  Drone  
  20  1:55  Queen  
  20  2:00  Zergling x2  
  20  2:01  Queen  
  23  2:03  Zergling x2  
  26  2:12  Drone x2  
  26  2:13  Metabolic Boost  
  28  2:31  Hatchery  
  27  2:40  Queen  
  27  2:43  Drone  
  30  2:47  Overlord  
  30  2:53  Drone x2  
  30  2:57  Drone  
  33  3:04  Zergling x2  
  34  3:05  Overlord  
  34  3:07  Drone x2  
  34  3:11  Drone  
  37  3:13  Drone  
  37  3:15  Drone  
  37  3:18  Drone  
  40  3:24  Queen  
  42  3:30  Drone x2  
  42  3:33  Zergling x2  
  44  3:42  Overlord  
  44  3:43  Drone x4  
  48  3:48  Queen  
  48  3:52  Drone x2  
  52  3:56  Overlord  
  52  4:00  Queen  
  54  4:05  Overlord  
  55  4:10  Drone x4  
  55  4:18  Zergling x8  
  54  4:25  Drone  
  54  4:26  Drone x2  
  54  4:27  Drone  
  53  4:32  Drone  
  53  4:33  Drone x3  
  53  4:38  Drone  
  56  4:41  Lair  
  56  4:45  Drone x2  
  58  4:49  Drone  
  59  4:53  Drone  
  59  4:55  Spore Crawler  
  59  4:57  Overlord  
  59  4:58  Drone  
  60  5:04  Drone  
  60  5:05  Overlord  
  60  5:06  Drone x3  
  64  5:08  Spore Crawler  
  64  5:12  Baneling Nest  
  64  5:13  Spore Crawler  
  62  5:14  Drone x2  
  62  5:18  Drone x3  
  65  5:26  Queen  
  69  5:32  Overlord  
  69  5:33  Zergling x8  
  69  5:34  Drone x2  
  73  5:36  Extractor  
  73  5:37  Extractor x2  
  73  5:38  Drone x3  
  73  5:39  Overseer  
  72  5:46  Drone x5  
  77  5:55  Drone  
  77  5:56  Drone, Centrifical Hooks  
  79  5:57  Overlord  
  79  5:59  Zergling x6  
  79  6:02  Drone  
  83  6:06  Drone  
  83  6:08  Evolution Chamber x2  
  83  6:09  Drone x2  
  83  6:10  Drone  
  84  6:14  Extractor  
  84  6:15  Extractor  
  84  6:17  Drone x2  
  85  6:24  Drone x2  
  85  6:25  Drone x2, Overseer  
  84  6:30  Drone  
  85  6:33  Drone x2, Zergling x2  
  85  6:35  Zergling x2  
  85  6:36  Hatchery  
  85  6:37  Zergling x2  
  89  6:41  Drone, Zergling x2  
  89  6:42  Baneling x2  
  89  6:43  Baneling x3  
  89  6:45  Zergling x2  
  89  6:46  Zergling x4  
  93  6:47  Zergling x2  
  93  6:50  Zergling x2  
  93  6:51  Zergling x4  
  97  6:58  Overlord  
  97  7:00  Zerg Ground Armor Level 1, Zerg Melee Weapons Level 1  
  96  7:15  Baneling x3, Zergling x4  
  97  7:22  Zergling x8  
  102  7:29  Roach Warren  
  101  7:30  Drone  
  101  7:32  Drone  
  101  7:33  Drone x3, Overlord, Extractor  
  101  7:34  Infestation Pit  
  101  7:35  Drone x2  
  101  7:36  Overlord  
  105  7:37  Overlord  
  105  7:39  Overlord  
  105  7:41  Overlord  
  105  7:46  Drone x2  
  105  7:51  Drone x5  
  105  7:54  Queen  
  105  7:58  Drone x5  
  115  7:59  Drone x3  
  115  8:01  Hydralisk Den, Extractor x2  
  117  8:12  Glial Reconstitution  
  116  8:15  Hive  
  116  8:18  Spire  
  115  8:20  Roach x7  
  129  8:32  Hatchery  
  128  8:35  Grooved Spines  
  128  8:40  Drone  
  129  8:41  Roach x2  
  129  8:42  Hydralisk x3, Roach x2  
  129  8:48  Overlord  
  140  8:53  Hydralisk x2  
  144  8:57  Spore Crawler  
  144  8:59  Drone  
  144  9:00  Overlord  
  144  9:03  Overlord x3  
  144  9:06  Zerg Missile Weapons Level 1, Zerg Ground Armor Level 2  
  144  9:07  Overlord  
  144  9:16  Drone x4  
  144  9:17  Overlord x3  
  148  9:27  Hydralisk x3  
  153  9:31  Viper x4  
  153  9:33  Greater Spire  
  165  9:40  Spine Crawler, Drone x5  
  165  9:43  Spine Crawler  
  168  9:45  Overlord  
  168  9:49  Pneumatized Carapace  
  168  9:53  Hydralisk x2  
  168  9:54  Hydralisk  
  168  9:57  Spore Crawler  
  168  9:58  Spore Crawler  
  172  10:01  Overseer  
  168  10:10  Hydralisk, Hatchery  
  168  10:11  Hydralisk x2  
  173  10:16  Muscular Augments  
  173  10:23  Hatchery  
  173  10:26  Viper x2  
  173  10:27  Overseer  
  177  10:31  Drone x3, Spore Crawler  
  177  10:32  Spore Crawler  
  177  10:34  Spore Crawler  
  177  10:35  Drone x2, Spore Crawler x3  
  176  10:37  Hydralisk x2  
  177  10:44  Drone x7  
  177  10:49  Viper x2  
  187  10:52  Hydralisk  
  187  10:53  Hydralisk  
  194  11:04  Hydralisk  
  194  11:05  Hydralisk x2  
  194  11:09  Extractor  
  199  11:13  Extractor, Zerg Flyer Weapons Level 1  
  197  11:18  Hatchery  
  197  11:23  Overlord x2  
  181  11:27  Overlord  
  181  11:29  Hydralisk  
  182  11:38  Hydralisk  
  182  11:39  Hydralisk x6  
  190  11:52  Drone  
  190  11:53  Spore Crawler  
  190  11:54  Infestor x6  
  190  11:56  Pathogen Glands  
  200  12:02  Zerg Missile Weapons Level 2  
  200  12:03  Overseer  
  200  12:36  Extractor  
  199  12:40  Extractor  
  199  12:41  Spore Crawler  
  199  12:42  Spore Crawler  
  195  12:46  Drone x2  
  195  12:47  Drone  
  195  12:51  Corruptor x4  
  190  12:55  Spore Crawler x2  
  190  12:56  Spore Crawler  
  190  12:57  Drone x4  
  190  12:58  Spore Crawler  
  198  12:59  Drone  
  198  13:01  Burrow  
  199  13:07  Zerg Flyer Armor Level 1  
  199  13:18  Spore Crawler  
  199  13:19  Spore Crawler  
  197  13:23  Spine Crawler, Extractor  
  197  13:24  Spore Crawler  
  197  13:25  Spine Crawler, Drone x3  
  196  13:30  Brood Lord, Spore Crawler  
  196  13:31  Brood Lord  
  199  13:38  Spine Crawler  
  199  13:39  Spine Crawler  
  195  13:50  Corruptor x3  
  195  13:52  Brood Lord  
  197  14:01  Brood Lord  
  199  14:21  Hatchery  
  198  14:25  Spore Crawler x2  
  198  14:26  Spore Crawler x2  
  198  14:27  Drone x6, Spore Crawler  
  198  14:28  Spore Crawler  
  198  14:46  Zerg Missile Weapons Level 3, Zerg Ground Armor Level 3  
  196  14:55  Brood Lord  
  198  15:01  Zerg Flyer Weapons Level 2  
  196  15:18  Infestor  
  198  15:49  Infestor  
  188  16:09  Drone x6  
  194  16:11  Extractor  
  194  16:12  Brood Lord x2  
  194  16:13  Corruptor  
  197  16:32  Hydralisk x2  
  177  16:33  Hydralisk x3  
  177  16:38  Corruptor x3  
  191  16:41  Corruptor  
  191  16:42  Corruptor x3  
  199  17:02  Spore Crawler  
  198  17:17  Zerg Flyer Armor Level 2  
  198  17:20  Overseer x3  
  198  17:22  Zerg Melee Weapons Level 2  
  198  17:23  Hatchery  
  196  17:46  Drone x3, Extractor  
  197  18:13  Infestor  
  199  18:27  Infestor x4  
  117  19:12  Hydralisk x3  
  117  19:13  Hydralisk x3  
  117  19:14  Overlord x4  
  117  19:15  Hydralisk x5  
  127  19:21  Hatchery  
  127  19:23  Corruptor x12  
  116  19:24  Hydralisk x5  
  146  19:32  Overlord  
  146  19:33  Zerg Flyer Weapons Level 3, Overlord x4  
  146  19:36  Drone x12  
  146  19:37  Hydralisk  
  146  19:38  Hydralisk x2, Zergling x4  
  162  19:41  Viper x5  
  181  20:00  Overseer  
  181  20:09  Baneling x5  
  181  20:22  Overseer, Zergling x30  
  181  20:23  Overseer  
  196  20:40  Zerg Melee Weapons Level 3  
  196  20:42  Brood Lord  
  198  20:52  Hatchery  
  197  20:59  Baneling x16  
  197  21:00  Baneling x6  
  197  21:06  Infestor x2  
  197  21:07  Infestor  
  197  21:22  Overseer x2  
  148  21:55  Hydralisk x2  
  148  21:56  Hydralisk, Zergling x24  
  132  22:09  Viper  
  132  22:11  Zergling x6  
  132  22:15  Hatchery  
  140  22:24  Hatchery  
  140  22:28  Baneling x9  
  140  22:29  Corruptor, Baneling x8  
  139  22:30  Corruptor x9  
  159  22:43  Overlord  
  156  22:45  Drone x4  
  160  22:53  Hydralisk x3, Zergling x2  
  160  22:54  Zergling x2  
  166  23:11  Hydralisk x2, Zergling x12  
  166  23:12  Zergling x2  
  145  23:20  Hydralisk x7  
  145  23:34  Baneling x3  
  145  23:35  Roach, Baneling x2  
  145  23:36  Roach x5  
  145  23:38  Hydralisk  
  160  23:46  Viper x2  
  166  23:50  Hydralisk x2  
  165  24:00  Hatchery  
  163  24:05  Drone  
  163  24:08  Zergling x20  
  173  24:25  Zergling x2  
  173  24:26  Zergling x10  
  173  24:28  Baneling x5  
  179  24:33  Hatchery  
  177  24:40  Baneling x14  
  176  24:51  Infestor  
  176  24:52  Infestor  
  180  24:54  Baneling x2  
  180  25:10  Zergling x6  
  180  25:11  Overlord x2  
  180  25:12  Overlord  
  181  25:19  Corruptor, Overlord  
  181  25:20  Overseer  
  183  25:39  Overseer  
  183  25:56  Hydralisk  
  183  25:57  Hydralisk, Zergling x30  
  173  26:03  Baneling x4  
  178  26:10  Zergling x10  
  139  26:22  Baneling x13  
  139  26:23  Baneling x2  
  124  26:25  Zergling x2  
  124  26:26  Zergling x8  
  124  26:29  Zergling x2  
  124  26:31  Baneling x5  
  124  26:32  Baneling x6  
  113  26:36  Zergling x8  
Tags
 
Add a new tag
Caveats
  • Supply blocks, unpowered buildings, or Contaminate may cause inaccurate times.
  • Supply counts are checked every 10 seconds.